 Dungeon Crawl Stone Soup version 0.18.1-50-g88ac8fd (webtiles) character file.

126 graki42 the Ducker (level 4, -4/22 HPs)
             Began as a Felid Monk on Oct 6, 2016.
             Slain by feelmyfire's ghost (8 damage)
             ... on level 3 of the Dungeon.
             The game lasted 00:07:27 (3361 turns).

graki42 the Ducker (Felid Monk)                     Turns: 3361, Time: 00:07:27

Health: -4/22      AC:  1    Str:  7    XL:     4   Next: 84%
Magic:  5/5        EV: 21    Int: 11    God:
Gold:   116        SH:  0    Dex: 19    Spells: 0 memorised, 3 levels left
                                        Lives:  0   Deaths: 1

rFire  . . .     SeeInvis +       - Unarmed
rCold  . . .     Gourm    .     (armour unavailable)
rNeg   . . .     Faith    .     (shield unavailable)
rPois  .         Spirit   .     (helmet unavailable)
rElec  .         Dismiss  .     (cloak unavailable)
rCorr  .         Reflect  .     (gloves unavailable)
SustAt .         Harm     .     (boots unavailable)
MR     .....                    (no amulet)
Stlth  ++++......               (no ring)
                                (no ring)

@: quick, not resistant to hostile enchantments, stealthy
A: no armour, no weapons or thrown items, claws 1, fangs 3, see invisible,
carnivore 3, deterioration 1, speed 1, shaggy fur 1, slow metabolism 1, wild
magic 1, sharp paws
a: no special abilities


You were on level 3 of the Dungeon.
You were very full.

You visited 1 branch of the dungeon, and saw 4 of its levels.

You collected 116 gold pieces.

Inventory:

Jewellery
 b - an uncursed ring of poison resistance {unknown}
Wands
 p - a wand of acid (6/15)
Scrolls
 d - a scroll of noise {unknown}
 f - 2 scrolls of remove curse {unknown}
 g - 2 scrolls of magic mapping {unknown}
 h - a scroll of blinking {unknown}
 j - 2 scrolls of random uselessness
 k - a scroll of enchant weapon
 l - a scroll of recharging {unknown}
 n - 3 scrolls of identify {unknown}
Potions
 e - a potion of brilliance {unknown}
 i - a potion of ambrosia
 m - a potion of curing {unknown}
 o - a potion of heal wounds {unknown}
Comestibles
 a - a meat ration
 c - 2 beef jerkies


   Skills:
 + Level 3.7 Fighting
 + Level 5.5 Dodging
 + Level 4.6 Stealth
 + Level 4.6 Unarmed Combat


You had 3 spell levels left.
You didn't know any spells.

Dungeon Overview and Level Annotations

Branches:
Dungeon (4/15)
 Temple: D:4-7

Altars:
Cheibriados

Annotations:
D:3 feelmyfire's ghost, amateur GrFi


Innate Abilities, Weirdness & Mutations

You cannot wear armour.
You are incapable of wielding weapons or throwing items.
You have sharp claws.
You have razor-sharp teeth.
You have supernaturally acute eyesight.
You are carnivorous and can eat meat at any time.
You cover ground quickly.
You are covered in fur (AC +1).
You have a slow metabolism.
Your sharp claws are effective at attacking unaware monsters.
Your body sometimes deteriorates upon taking damage.
Your spells are a little harder to cast, but a little more powerful.


Message History

Feelmyfire's ghost completely misses you.
You barely miss feelmyfire's ghost.
Feelmyfire's ghost is heavily damaged.
Feelmyfire's ghost hits you.
You scratch feelmyfire's ghost but do no damage.
Feelmyfire's ghost is heavily damaged.
Feelmyfire's ghost barely misses you.
You scratch feelmyfire's ghost.
Feelmyfire's ghost is severely damaged.
You scratch feelmyfire's ghost but do no damage.
Feelmyfire's ghost is severely damaged.
Feelmyfire's ghost misses you.
You barely miss feelmyfire's ghost.
Feelmyfire's ghost is severely damaged.
Feelmyfire's ghost hits you!
* * * LOW HITPOINT WARNING * * *
You barely miss feelmyfire's ghost.
Feelmyfire's ghost is severely damaged.
Feelmyfire's ghost hits you!
You die...

.# #.##.########.## #..#
.# #.##.# #.....####..# .#
#.##.# #.##.##.....# .#
##.##.# #.####......# .#
#..##.# #.# #..###.# .#
#.###.# #.# #..# #.# .#
#.# #.# #.# #..# #.# .#
#.# #.# ###.####[.# #.#
.###.###.###....@W...###.#
.##...##...........)###..#
###.#..........###### #.##
# #...########## #.# #
##.## #.# # #.# #.# # #.#
#.# # #.# #.# # ##)## #.#


You could see feelmyfire's ghost.

Vanquished Creatures
  Crazy Yiuf (D:2)
  3 gnolls (D:2)
  4 adders
  4 worms
  4 giant geckos
  An orc (D:3)
  4 ball pythons
  7 bats
  4 giant cockroaches
  7 hobgoblins
  4 jackals
  4 kobolds
  3 giant newts
  6 goblins
  11 rats
67 creatures vanquished.

Notes
Turn   | Place    | Note
--------------------------------------------------------------
     0 | D:1      | graki42 the Felid Monk began the quest for the Orb.
     0 | D:1      | Reached XP level 1. HP: 10/10 MP: 2/2
   230 | D:1      | Reached XP level 2. HP: 14/14 MP: 3/3
   766 | D:2      | Reached XP level 3. HP: 17/17 MP: 4/4
  1495 | D:2      | Reached XP level 4. HP: 1/21 MP: 5/5
  1596 | D:2      | Slain by an adder
  1597 | D:2      | Reached XP level 3. HP: -2/17 MP: 4/4
  1670 | D:2      | Reached skill level 5 in Dodging
  1993 | D:2      | Noticed Crazy Yiuf
  1995 | D:2      | Gained mutation: Your spells are a little harder to cast, but a little more powerful. [potion of mutation]
  1995 | D:2      | Gained mutation: Your body sometimes deteriorates upon taking damage. [potion of mutation]
  2003 | D:2      | Killed Crazy Yiuf
  2003 | D:2      | Reached XP level 4. HP: 10/21 MP: 5/5
  2727 | D:3      | Found a snail-covered altar of Cheibriados.
  2880 | D:3      | Noticed feelmyfire's ghost (amateur GrFi)
  3361 | D:3      | Slain by feelmyfire's ghost

Skill      XL: |  1  2  3 |
---------------+----------+-----
Stealth        | 3 4 |  4.6
Dodging        | 5 |  5.5
Fighting       | |  3.7
Unarmed Combat | |  4.6

Action                   |  1- 3 |  4- 6 || total
-------------------------+-------+-------++-------
Melee: Unarmed           |   153 |    62 ||   215
       Bite              |    12 |     5 ||    17
       Punch             |     4 |     1 ||     5
  Use: Potion            |     1 |     2 ||     3
       Scroll            |       |     2 ||     2
 Stab: Sleeping          |    17 |     8 ||    25
       Distracted        |     1 |     1 ||     2
  Eat: Chunk             |     9 |     6 ||    15
Armor: Skin              |     6 |     2 ||     8
Dodge: Dodged            |   115 |    44 ||   159
